 Dungeon Crawl Stone Soup version 0.16.2-12-gd0ad4c3 (webtiles) character file.

157 SlimeFever the Stinger (level 5, 0/28 HPs)
             Began as a Tengu Venom Mage on Sept 27, 2015.
             Was an Initiate of Vehumet.
             Succumbed to a worker ant's poison
             ... on level 4 of the Dungeon.
             The game lasted 00:55:05 (2570 turns).

SlimeFever the Stinger (Tengu Venom Mage)           Turns: 2570, Time: 00:55:05

Health: 0/28       AC:  3    Str:  8    XL:     5   Next: 38%
Magic:  10/11      EV: 13    Int: 22    God:    Vehumet [......]
Gold:   99         SH:  0    Dex: 14    Spells: 1 memorised, 7 levels left

rFire  . . .     SeeInvis .     l - +0 rapier
rCold  . . .     Clarity  .     a - +1 robe
rNeg   . . .     SustAb   .     (no shield)
rPois  .         Gourm    .     (helmet restricted)
rElec  .         Spirit   .     (no cloak)
rCorr  .         Warding  .     (no gloves)
rMut   .         Stasis   .     (boots unavailable)
MR     .....                    (no amulet)
Stlth  ++........               (no ring)
                                (no ring)

@: brilliant, lethally poisoned (0 -> -6), exhausted, slowed, very slow, not
resistant to hostile enchantments, unstealthy
A: able to fly, beak, talons 3
a: Fly, Renounce Religion


You were on level 4 of the Dungeon.
You worshipped Vehumet.
Vehumet was noncommittal.
You were not hungry.

You visited 2 branches of the dungeon, and saw 5 of its levels.

You collected 99 gold pieces.

Inventory:

Hand weapons
 d - a +0 club
 f - a +0 dagger
 i - a cursed -1 hunting sling
 l - a +0 rapier (weapon)
 m - a +0 hunting sling
 x - a +0 blowgun
 y - a +0 short sword
 z - a +0 spear
 E - a +0 morningstar
 F - a +0 flail
Missiles
 e - 105 stones
 g - 36 arrows
 j - 8 poisoned arrows
 o - 4 poisoned tomahawks (quivered)
 q - 14 poisoned needles
 s - 24 sling bullets
 t - 27 bolts
Armour
 a - a +1 robe (worn)
 A - a +0 leather armour
Scrolls
 h - 2 scrolls of teleportation {unknown}
 k - 2 scrolls of recharging {unknown}
 r - 2 scrolls of blinking {unknown}
 B - 3 scrolls of noise {unknown}
Potions
 v - a potion of cancellation
 C - 2 potions of brilliance
Books
 b - a Young Poisoner's Handbook

   Spells                             Type                      Level
   a - Sting                          Conjuration/Poison           1
   b - Cure Poison                    Poison                       2
   c - Mephitic Cloud                 Conjuration/Poison/Air       3
   d - Olgreb's Toxic Radiance        Poison                       4
   e - Venom Bolt                     Conjuration/Poison           5
 p - an Akashic Record {highlevel, unknown}

   This book is beyond your current level of understanding.

   Spells                             Type                      Level
   a - Dispersal                      Translocation                6
   b - Controlled Blink               Translocation                7
   c - Malign Gateway                 Summoning/Translocation      7
   d - Disjunction                    Translocation                8
   e - Singularity                    Translocation                9
Comestibles
 c - 2 bread rations
 w - a beef jerky


   Skills:
 + Level 0.8 Fighting
 + Level 0.9 Short Blades
 + Level 1.6 Throwing
 + Level 2.9 Dodging
 + Level 2.6 Stealth
 + Level 0.7 Unarmed Combat
 + Level 2.3 Spellcasting
 + Level 2.2 Conjurations
 + Level 4.6 Poison Magic


You had 7 spell levels left.
You knew the following spells:

 Your Spells              Type           Power        Failure   Level  Hunger
a - Sting                 Conj/Pois      ####         1%          1    None


Dungeon Overview and Level Annotations

Branches:
Dungeon (4/15)             Temple (1/1) D:4

Altars:
Ashenzari
Cheibriados
Fedhas
Kikubaaqudgha
Makhleb
Okawaru
Qazlal
Sif Muna
Trog
Vehumet
Xom
Yredelemnul
Zin


Innate Abilities, Weirdness & Mutations

You can fly.
You have a beak for a mouth.
You have claws for feet.


Message History

* * * LOW HITPOINT WARNING * * *
You feel sick. The adder misses you.
You completely miss the adder. You claw the adder. You peck the adder.
You kill the adder!
Vehumet accepts your kill.
You are too berserk!
* * * LOW HITPOINT WARNING * * *
You feel sick.
You feel a strong urge to attack something.
* * * LOW HITPOINT WARNING * * *
You feel sick.
You feel your anger subside.
You are no longer berserk.
You are exhausted.
You feel yourself slow down.
As you read the scroll labeled REUSHR BRYWN, it crumbles to dust.
It is a scroll of enchant armour.
Enchant which item? (? for menu, Esc to quit)
Your +0 robe glows green for a moment.
You die...

.##'###..........#
...÷.....#######.#
.........#o#o#.#.#
.⌠......a#^#^#^#.#
.......#########.#
..÷....#(+^....'.#
.......#########.#
.........#§#^#^#.#
.........#.#.#.#@#
..[.....†#######.#
...÷####.........#
....# ###########
.##.# . #.# . #<#
. ###


There were no monsters in sight!

Vanquished Creatures
  A worker ant (D:4)
  2 gnolls (D:3)
  6 adders
  2 worms
  A giant gecko (D:2)
  8 orcs
  A ball python (D:2)
  3 giant cockroaches
  4 goblins
  3 hobgoblins
  6 kobolds
  An ooze (D:4)
  4 bats
  2 giant newts
  4 rats
48 creatures vanquished.

Notes
Turn   | Place    | Note
--------------------------------------------------------------
     0 | D:1      | SlimeFever, the Tengu Venom Mage, began the quest for the Orb.
     0 | D:1      | Reached XP level 1. HP: 10/10 MP: 3/3
   432 | D:1      | Reached XP level 2. HP: 15/15 MP: 3/5
  1347 | D:2      | Reached XP level 3. HP: 19/19 MP: 7/7
  1586 | D:3      | Reached skill level 1 in Conjurations
  1802 | D:3      | Reached XP level 4. HP: 22/24 MP: 4/8
  2098 | D:3      | Reached skill level 1 in Throwing
  2098 | D:3      | Reached XP level 5. HP: 26/28 MP: 4/11
  2214 | D:4      | Found a staircase to the Ecumenical Temple.
  2297 | Temple   | Entered the Ecumenical Temple
  2496 | Temple   | Became a worshipper of Vehumet
  2566 | D:4      | HP: 2/42 [poisoned by a worker ant]
  2570 | D:4      | Succumbed to a worker ant's poison

Action                   |  1- 3 |  4- 6 || total
-------------------------+-------+-------++-------
Melee: Dagger            |    14 |       ||    14
       Unarmed           |     9 |       ||     9
       Rapier            |    20 |    43 ||    63
 Fire: Blowgun           |     2 |    12 ||    14
Throw: Stone             |    29 |     5 ||    34
 Cast: Sting             |    31 |    26 ||    57
 Abil: Fly               |       |     1 ||     1
  Use: Scroll            |     3 |     1 ||     4
       Potion            |     1 |     3 ||     4
 Stab: Sleeping          |     1 |     2 ||     3
  Eat: Bread ration      |     1 |       ||     1
       Pizza             |     1 |     1 ||     2
